 Dungeon Crawl Stone Soup version 0.32-a0-576-g706899e69d (webtiles) character file.

Game seed: 3570264995331524177

4401 gimp the Geomancer (level 10, -1/63 HPs)
             Began as a Coglin Earth Elementalist on Mar 1, 2024.
             Was a Follower of Vehumet.
             Slain by a meliai
             ... wielding a +0 hand axe
              (6 damage)
             ... on level 8 of the Dungeon.
             The game lasted 00:11:28 (9481 turns).

gimp the Geomancer (Coglin Earth Elementalist)      Turns: 9481, Time: 00:11:29

Health: -1/63      AC:  6    Str:  8    XL:     10   Next: 35%
Magic:  12/19      EV: 11    Int: 24    God:    Vehumet [*.....]
Gold:   433        SH:  0    Dex: 14    Spells: 17/21 levels left

rFire   . . .        a - +2 rapier "Wejocw" {venom, rElec rCorr}
rCold   . . .        b - +2 dagger (speed) {Santiago}
rNeg    . . .        s - +2 leather armour "Ekhli" {Harm ^Drain rCorr Int+4}
rPois   .            n - +0 helmet
rElec   +            (no cloak)
rCorr   +            (no gloves)
SInv    .            (no boots)
Will    .....        (amulet unavailable)
Stlth   ++           (ring unavailable)
HPRegen 0.30/turn    (ring unavailable)
MPRegen 0.16/turn    (no gizmo)

%: harm (+30% outgoing, +20% incoming)
@: no status effects
A: off-hand wielding, slow wielding, warmup strikes, no jewellery
a: Invent Gizmo, Renounce Religion


You were on level 8 of the Dungeon.
You worshipped Vehumet.
Vehumet was aware of your devotion.
You visited 2 branches of the dungeon, and saw 10 of its levels.

You collected 433 gold pieces.

Inventory:

Hand Weapons
 a - the +2 rapier "Wejocw" (weapon) {venom, rElec rCorr}
   (You found it on level 4 of the Dungeon)

   rElec:     It insulates you from electricity.
   rCorr:     It protects you from acid and corrosion.
 b - a +2 dagger of speed (offhand) {Santiago}
Missiles
 d - 13 poisoned darts
 D - a throwing net
Armour
 n - a +0 helmet (worn)
 s - the +2 leather armour "Ekhli" (worn) {Harm ^Drain rCorr Int+4}
   (You found it on level 3 of the Dungeon)

   Int+4:     It affects your intelligence (+4).
   rCorr:     It protects you from acid and corrosion.
   ^Drain:    It drains your maximum health when unequipped.
   Harm:      It increases damage dealt and taken.
 B - a +3 leather armour of fire resistance
Magical Staves
 c - a staff of fire
Wands
 u - a wand of mindburst (11)
 C - a wand of digging (6)
Scrolls
 f - 5 scrolls of identify {unknown}
 h - 3 scrolls of silence {unknown}
 j - 2 scrolls of revelation {unknown}
 o - 4 scrolls of teleportation {unknown}
 p - 4 scrolls of poison {unknown}
 t - 3 scrolls of blinking {unknown}
 x - 2 scrolls of vulnerability {unknown}
 y - a scroll of amnesia {unknown}
 z - 2 scrolls of noise {unknown}
 E - a scroll of brand weapon {unknown}
Potions
 e - 5 potions of curing
 g - 4 potions of lignification {unknown}
 i - 2 potions of degeneration {unknown}
 k - a potion of enlightenment {unknown}
 l - 3 potions of heal wounds {unknown}
 m - 2 potions of berserk rage {unknown}
 q - a potion of mutation {unknown}
 r - 2 potions of might {unknown}
 v - 2 potions of brilliance {unknown}
 w - a potion of haste {unknown}
 A - 2 potions of attraction {unknown}
 F - a potion of magic


   Skills:
 - Level 1.7 Dodging
 - Level 1.5 Stealth
 + Level 6.3 Spellcasting
 - Level 8.0 Conjurations
 + Level 9.2 Earth Magic


You had 17 spell levels left.
You knew the following spells:

 Your Spells              Type           Power      Damage    Failure   Level
a - Stone Arrow           Conj/Erth      98%        3d13      1%          3
b - Sandblast             Erth           100%       2d20      1%          1

Your spell library contained the following spells:

 Spells                   Type           Power      Damage    Failure   Level
 Sting                    Conj/Alch      100%       1d9       2%          1
 Passwall                 Erth           51%        N/A       1%          3
 Shock                    Conj/Air       100%       1d9       2%          1
 Brom's Barrelling Bould  Conj/Erth      49%        2d7       3%          4
 Petrify                  Alch/Erth      29%        N/A       17%         4
 Fugue of the Fallen      Necr           7%         N/A       32%         3
 Ozocubu's Armour         Ice            7%         N/A       32%         3
 Swiftness                Air            7%         N/A       32%         3
 Airstrike                Air            3%         2d(1-17)  73%         4
 Manifold Assault         Tloc           7%         N/A       73%         4


Dungeon Overview and Level Annotations

Branches:
Dungeon (9/15)             Temple (1/1) D:5
   Lair: D:8-11         Orc: D:9-12

Altars:
Ashenzari
Cheibriados
Dithmenos
Elyvilon
Fedhas
Gozag
Hepliaklqana
Kikubaaqudgha
Makhleb
Okawaru
Qazlal
Ru
Sif Muna
Trog
Uskayaw
Vehumet
Wu Jian
Yredelemnul
Zin
The Shining One

Annotations:
D:5 2 transporters, Menkaure


Innate Abilities, Weirdness & Mutations

You can wield a second weapon in your off-hand.
It takes a long time for you to wield or remove held weapons.
Your first few attacks do less damage.
You cannot equip rings or amulets.


Message History

The stone arrow hits the manticore!!
The manticore is almost dead.
The manticore flicks its tail.
The volley of spikes skewers you!
More barbed spikes become lodged in your body.
You take 12 damage, and have 31/63 hp.
You now have 7/19 mp.
Casting: Stone Arrow (safe; 1% risk of failure)
Confirm with . or Enter, or press ? or * to list all spells.
Aiming: Stone Arrow (safe; 1% risk of failure)
Press: ? - help, Shift-Dir - straight line, f/p - manticore
Aim: a manticore (severely wounded, 85% to hit)
The stone arrow hits the manticore!
You kill the manticore!
Vehumet accepts your kill.
You feel your power returning.
You now have 5/19 mp.
You carefully extract the barbed spikes from your body.
HP restored.
Found a blade talisman.
Health restored: 63; MP restored: 19 You now have 433 gold pieces (gained 18).
Things that are here:
a +0 flail; a +0 chain mail; an orc corpse An orc wizard comes into view.
It is wielding a +0 dagger.
The orc wizard shouts!
Casting: Stone Arrow (safe; 1% risk of failure)
Confirm with . or Enter, or press ? or * to list all spells.
You can't see any susceptible monsters within range! (Use Z to cast anyway.)
A rakshasa comes into view. It is wielding a +0 trident.
Casting: Stone Arrow (safe; 1% risk of failure)
Confirm with . or Enter, or press ? or * to list all spells.
Aiming: Stone Arrow (safe; 1% risk of failure)
Press: ? - help, Shift-Dir - straight line, f - orc wizard
Aim: an orc wizard, wielding a +0 dagger and wearing a +0 robe (70% to hit)
The stone arrow hits the orc wizard!
The orc wizard is almost dead.
A meliai comes into view. It is wielding a +0 hand axe.
You now have 16/19 mp.
Casting: Stone Arrow (safe; 1% risk of failure)
Confirm with . or Enter, or press ? or * to list all spells.
Aiming: Stone Arrow (safe; 1% risk of failure)
Press: ? - help, Shift-Dir - straight line, f/p - orc wizard
Aim: an orc wizard, wielding a +0 dagger and wearing a +0 robe (almost dead, 70% to hit)
The stone arrow hits the orc wizard!!
You kill the orc wizard!
Vehumet accepts your kill.
The meliai buzzes angrily.
You now have 13/19 mp.
Casting: Stone Arrow (safe; 1% risk of failure)
Confirm with . or Enter, or press ? or * to list all spells.
Aiming: Stone Arrow (safe; 1% risk of failure)
Press: ? - help, Shift-Dir - straight line, f - rakshasa
Aim: a rakshasa, wielding a +0 trident and wearing a +0 robe (64% to hit)
The stone arrow hits the rakshasa!
The rakshasa is moderately wounded.
You now have 10/19 mp.
Casting: Stone Arrow (safe; 1% risk of failure)
Confirm with . or Enter, or press ? or * to list all spells.
Okay, then.
Aiming: Mindburst
Press: ? - help, Shift-Dir - straight line, f/p - rakshasa
Aim: a rakshasa, wielding a +0 trident and wearing a +0 robe (moderately wounded, chance to affect: 0%)
Okay, then.
Casting: Stone Arrow (safe; 1% risk of failure)
Confirm with . or Enter, or press ? or * to list all spells.
Okay, then.
Okay, then.
Unknown command.
Unknown command.
Okay, then.
Unknown command.
The meliai invokes the aid of its god against you.
Something smites you!
You take 16 damage, and have 47/63 hp.
MASSIVE DAMAGE!!
Found a scroll labelled OVVUOG ULEA.
The meliai mumbles some strange prayers to its god against you.
Something smites you!
You take 15 damage, and have 32/63 hp.
MASSIVE DAMAGE!!
The meliai calls down the wrath of its god upon you.
Something smites you!
There is a stone staircase leading up here.
You take 14 damage, and have 19/63 hp.
MASSIVE DAMAGE!!
The meliai closely misses you. The meliai stings you.
* * * LOW HITPOINT WARNING * * *
The meliai hits you with a +0 hand axe.
* * * LOW HITPOINT WARNING * * *
The meliai stings you.
* * * LOW HITPOINT WARNING * * *
You are lethally poisoned!
The meliai poisons you!
You climb upwards.
* * * LOW HITPOINT WARNING * * *
You feel extremely sick.
There is a stone staircase leading down here.
You take 11 damage, and have 8/63 hp.
It was a potion of curing.
You feel better. The meliai hits you with a +0 hand axe!
* * * LOW HITPOINT WARNING * * *
The meliai stings you.
You die...

##.#.#.#
#.....≈~................
##.#.#.#
##.###...............###
...#.#.#
#..).#.....######.####
####.#.###.##.#.....# #.#
<..#.#.).÷..#.#.....# #.#
##.#.#.###..#.#..[..# #.#
...#.#####).#.#.[...# #.#
####.#.....)#.#.....# #.#
............=...@y..######.#
#############.##'#.........#
..............##.#.#####..####
.............................#
###########....###......#....#
...# #........# #.....##.##.#
##.# #........# ##....#.###.#
.#.# #........# #....#.###.#
.#.####........# #.....#..#.#


You could see a meliai.

Vanquished Creatures
  A two-headed ogre (D:8)
  A manticore (D:9)
  Psyche (D:8)
  Sigmund (D:3)
  A vampire (D:8)
  A steam dragon (D:8)
  A water moccasin (D:6)
  Duvessa (D:6)
  2 sky beasts
  3 orc warriors
  An ogre (D:7)
  A kobold brigand (D:8)
  2 bullfrogs
  3 scorpions
  13 wights
  Dowan (D:6)
  3 howler monkeys (D:8)
  2 electric eels (D:8)
  4 bombardier beetles
  4 orc priests
  A gnoll bouda (D:7)
  A jelly (D:5)
  3 sleepcaps
  4 orc wizards
  3 iguanas
  Robin (D:2)
  4 gnolls (D:7)
  4 adders
  A dart slug (D:5)
  30 orcs
  8 endoplasms
  2 giant cockroaches (D:3)
  13 goblins
  12 hobgoblins
  3 quokkas
  6 ball pythons
  3 bats (D:1)
  7 frilled lizards
  16 kobolds
  5 rats
174 creatures vanquished.

Notes
Turn   | Place    | Note
-------+----------+-------------------------------------------
     0 | D:1      | gimp the Coglin Earth Elementalist began the quest for the
                  | Orb.
     0 | D:1      | Reached XP level 1. HP: 13/13 MP: 3/3
    29 | D:1      | Reached skill level 1 in Conjurations
   272 | D:1      | Reached XP level 2. HP: 19/19 MP: 1/4
   476 | D:1      | Reached skill level 3 in Earth Magic
   896 | D:1      | Reached XP level 3. HP: 24/24 MP: 0/6
  1471 | D:2      | Learned a level 3 spell: Stone Arrow
  1504 | D:2      | Found a basalt altar of Yredelemnul.
  1641 | D:2      | Reached XP level 4. HP: 30/30 MP: 1/7
  2157 | D:3      | Noticed Robin
  2173 | D:2      | Killed Robin
  2372 | D:3      | Reached XP level 5. HP: 35/35 MP: 5/8
  2445 | D:3      | Noticed Sigmund
  2464 | D:3      | Reached skill level 4 in Earth Magic
  2614 | D:3      | Killed Sigmund
  2615 | D:3      | Reached XP level 6. HP: 18/41 MP: 3/9
  3061 | D:3      | Identified the +2 leather armour "Ekhli" {Harm ^Drain rCorr
                  | Int+4}
  3860 | D:4      | Identified the +2 rapier "Wejocw" {venom, rElec rCorr}
  4132 | D:4      | Reached skill level 5 in Earth Magic
  4412 | D:4      | Found a blossoming altar of Fedhas.
  4537 | D:5      | Entered Level 5 of the Dungeon
  4609 | D:5      | Found a staircase to the Ecumenical Temple.
  4627 | Temple   | Entered the Ecumenical Temple
  4646 | Temple   | Became a worshipper of Vehumet
  4691 | D:5      | Found a shadowy altar of Dithmenos.
  4814 | D:5      | Found an ancient bone altar of Kikubaaqudgha.
  4814 | D:5      | Found a basalt altar of Yredelemnul.
  4815 | D:5      | Noticed Menkaure
  4830 | D:5      | Noticed a vampire
  4831 | D:5      | Found a transporter.
  4833 | D:5      | Found a transporter.
  4878 | D:5      | Identified the +1 robe of Resourcefulness {Str+3}
  4936 | D:5      | Reached XP level 7. HP: 39/46 MP: 0/10
  5571 | D:6      | Reached skill level 5 in Conjurations
  5816 | D:6      | Reached skill level 6 in Earth Magic
  5870 | D:6      | Reached XP level 8. HP: 52/52 MP: 7/12
  6044 | D:6      | Noticed Dowan
  6045 | D:6      | Noticed Duvessa
  6050 | D:6      | Killed Dowan
  6066 | D:6      | Killed Duvessa
  6572 | D:7      | Identified the +1 scale mail "Doxzewy" {+Inv rC+ Will+}
  6715 | D:7      | Reached skill level 7 in Earth Magic
  7001 | D:7      | Found an ornate altar of the Wu Jian Council.
  7142 | D:7      | Reached XP level 9. HP: 57/57 MP: 10/14
  7164 | D:7      | Reached * piety under Vehumet
  7164 | D:7      | Offered knowledge of Sting by Vehumet.
  7525 | D:7      | Found a stormy altar of Qazlal.
  7827 | D:8      | Noticed Psyche
  7831 | D:8      | Killed Psyche
  8182 | D:8      | Reached skill level 8 in Earth Magic
  8564 | D:8      | Reached skill level 5 in Spellcasting
  8672 | D:8      | Noticed a two-headed ogre
  8695 | D:8      | Killed a two-headed ogre
  8696 | D:8      | Reached XP level 10. HP: 63/63 MP: 7/18
  9279 | D:8      | Reached skill level 9 in Earth Magic
  9353 | D:9      | Noticed a manticore
  9356 | D:9      | Killed a manticore
  9468 | D:9      | Noticed a rakshasa
  9469 | D:9      | Noticed a meliai
  9481 | D:8      | Slain by a meliai

Illustrated notes

Levels and vault maps discovered:
D:1:      tekkud_arrival_beachfront_property, layout_loops_corners
D:2:      layout_basic, basic_altar, grunt_decor_junction,
          nicolae_kite_square_tiling_tiny, minmay_cut_off
D:3:      layout_loops_ring, serial_rivers, chequers_serial_rivers_micro_d,
          chequers_serial_rivers_marsh, chequers_serial_rivers_micro_e,
          chequers_serial_rivers_micro_d, chequers_big_river, uniq_sigmund,
          uniq_robin, uniq_crazy_yiuf_cottage
D:4:      layout_basic, fedhas_altar_4
D:5:      layout_loops_ring, grunt_dithmenos_smoke_and_mirrors,
          gammafunk_temple_of_torment, minmay_temple_entry_slanted
D:6:      layout_cave_pools, grunt_decor_cap, uniq_menkaure, uniq_duvessa
D:7:      layout_basic, kennysheep_mini, mainiacjoe_overflow_alcove_4
D:8:      statuecave_lemuel, layout_basic, minmay_misc_feat_square, uniq_psyche
D:9:      minmay_diamond_stairs, layout_loops_ring, regret_index_xom_of_box,
          nemelex_spade_bored_becter, nicolae_straight_to_the_point
Temple:   eino_temple_water

Skill      XL: |  1  2  3  4  5  6  7  8  9 10 |
---------------+-------------------------------+-----
Conjurations   | 1 2 3 4 5 6 8 |  8.0
Earth Magic    | 3 4 5 6 7 8 9 |  9.2
Spellcasting   | 2 3 5 6 |  6.3
Dodging        | |  1.7
Stealth        | |  1.5

Action                     |  1- 3 |  4- 6 |  7- 9 | 10-12 || total
---------------------------+-------+-------+-------+-------++-------
  Melee: Unarmed           |     8 |       |       |       ||     8
         Short sword       |    10 |     4 |       |       ||    14
         Dagger            |     2 |    19 |    35 |     1 ||    57
         Rapier            |       |    21 |    37 |     1 ||    59
   Cast: Sandblast         |    61 |    85 |     1 |       ||   147
         Stone Arrow       |       |     2 |    86 |    22 ||   110
  Evoke: Wand              |       |       |     6 |       ||     6
    Use: Potion            |     1 |       |       |     1 ||     2
 Armour: Robe              |    16 |    29 |       |       ||    45
         Leather armour    |       |    12 |    32 |     8 ||    52
  Dodge: Dodged            |    30 |    56 |    16 |     2 ||   104

Table legend: (Time is in decaauts)
 A = Elapsed time spent in this place.
 B = Non-inter-level travel time spent in this place.
 C = Inter-level travel time spent in this place.
 D = Time resting spent in this place.
 E = Time spent auto-exploring this place.
 F = Levels seen in this place.
 G = Mean time per level.
                   A        B        C        D        E       F      G
               +--------+--------+--------+--------+--------+-----+--------+
         Total |   9591 |   9363 |    228 |    101 |   8064 |  10 |  959.1 |
       Dungeon |   9552 |   9360 |    192 |    101 |   8064 |   9 | 1061.3 |
        Temple |     38 |      2 |     36 |      0 |      0 |   1 |   38.0 |
               +--------+--------+--------+--------+--------+-----+--------+

Top non-repeatable levels by time:
     D:3: 1503 daAuts
     D:7: 1459 daAuts
     D:8: 1439 daAuts
     D:1: 1341 daAuts
     D:2: 1026 daAuts
     D:5: 948 daAuts
     D:6: 912 daAuts
     D:4: 767 daAuts
     D:9: 153 daAuts
  Temple: 38 daAuts
